 Dungeon Crawl Stone Soup version 0.21.1-1-g345015f (webtiles) character file.

59415 Verr the Fighter (level 14, -3/121 HPs)
             Began as a Demonspawn Fighter on Mar 5, 2018.
             Was a High Priest of Yredelemnul.
             Slain by a swamp worm (8 damage)
             ... on level 2 of the Swamp on Mar 12, 2018.
             The game lasted 02:00:43 (23906 turns).

Verr the Fighter (Demonspawn Fighter)              Turns: 23906, Time: 02:00:44

Health: -3/121     AC: 24    Str: 30    XL:     14   Next: 53%
Magic:  18/20      EV:  7    Int: 12    God:    Yredelemnul [*****.]
Gold:   1247       SH: 17    Dex: 11    Spells: 13/13 levels left

rFire    + + .     SeeInvis +   a - +9 broad axe (chop)
rCold    + . .     Gourm    .   c - +0 shield
rNeg     . . .     Faith    .   h - +5 plate armour
rPois    .         Spirit   .   d - +2 helmet {Int+3}
rElec    .         Reflect  +   e - scarf {rC+ rF+}
rCorr    .         Harm     .   F - +0 pair of gloves
MR       +....                  (no boots)
Stlth    ..........             u - +4 amulet of reflection
HPRegen  0.30/turn              v - ring "Gunik" {rF+ EV+2 Str+10 Dex-4}
MPRegen  0.17/turn              G - ring of see invisible

@: grasped by roots, very slow
A: talons 1, powered by pain 1, spiny 2, sturdy frame 3
a: Recall Undead Slaves, Injury Mirror, Animate Dead, Drain Life, Enslave Soul,
Renounce Religion


You were on level 2 of the Swamp.
You worshipped Yredelemnul.
Yredelemnul was extremely pleased with you.
You were not hungry.

You visited 5 branches of the dungeon, and saw 22 of its levels.
You also visited: Labyrinth and Volcano.

You collected 2085 gold pieces.
You spent 838 gold pieces at shops.

Inventory:

Hand Weapons
 a - a +9 broad axe of chopping (weapon)
 g - a +2 battleaxe of flaming
 Y - the +11 battleaxe of Woobbaj {freeze, *Drain rF+ rC+}
   (You found it on level 6 of the Lair of Beasts)

   It has been specially enchanted to freeze those struck by it, causing extra
   injury to most foes and up to half again as much damage against particularly
   susceptible opponents.
   It can also slow down cold-blooded creatures.
   It protects you from fire.
   It protects you from cold.
   It causes draining when unequipped.
Armour
 c - a +0 shield (worn)
 d - a +2 helmet of intelligence (worn)
 e - a scarf of resistance (worn)
 h - a +5 plate armour (worn)
 i - a +0 leather armour
 F - a +0 pair of gloves (worn)
 L - a +0 chain mail of fire resistance
 P - a +0 large shield
Jewellery
 u - a +4 amulet of reflection (around neck)
 v - the ring "Gunik" (left hand) {rF+ EV+2 Str+10 Dex-4}
   (You found it in a labyrinth)

   [ring of evasion]

   It affects your evasion (+2).
   It affects your strength (+10).
   It affects your dexterity (-4).
   It protects you from fire.
 G - a ring of see invisible (right hand)
 I - an uncursed ring of resist corrosion
Wands
 j - a wand of iceblast (6)
 p - a wand of acid (50)
 z - a wand of enslavement (20)
 E - a wand of paralysis (12)
 Q - a wand of digging (47)
 Z - a wand of polymorph (33)
Scrolls
 k - 3 scrolls of fog
 q - 3 scrolls of remove curse
 r - 2 scrolls of blinking
 w - 5 scrolls of teleportation
 y - 2 scrolls of magic mapping
 C - 6 scrolls of identify
 D - a scroll of silence
 H - 2 scrolls of fear
 N - 2 scrolls of summoning
 O - 2 scrolls of torment
 T - a scroll of vulnerability
Potions
 b - 4 potions of heal wounds
 l - 2 potions of invisibility
 m - 12 potions of curing
 n - 2 potions of resistance
 s - a potion of haste
 t - a potion of mutation
 x - 2 potions of agility
 A - 4 potions of brilliance
 B - a potion of berserk rage
 J - a potion of ambrosia
 K - a potion of degeneration {unknown}
 M - a potion of cancellation
 R - 3 potions of flight
 V - a potion of might
 W - 3 potions of magic {unknown}
Miscellaneous
 S - a fan of gales
 X - a lamp of fire
Comestibles
 f - 16 rations


   Skills:
 * Level 14.4 Fighting
 * Level 13.3 Axes
 + Level 9.9 Armour
 + Level 10.0 Shields
 - Level 8.0 Invocations


You had 13 spell levels left.
You didn't know any spells.

Dungeon Overview and Level Annotations

Branches:
Dungeon (11/15)            Temple (1/1) D:4            Lair (6/6) D:9
  Swamp (2/4) Lair:4        Snake (0/4) Lair:3        Slime (0/5) Lair:5
    Orc (2/2) D:10            Elf (0/3) Orc:2

Altars:
Ashenzari
Cheibriados
Dithmenos
Elyvilon
Fedhas
Gozag
Hepliaklqana
Kikubaaqudgha
Makhleb
Nemelex Xobeh
Okawaru
Qazlal
Ru
Sif Muna
Trog
Uskayaw
Vehumet
Wu Jian
Xom
Yredelemnul
Zin
The Shining One
Beogh

Shops:
Orc:1 *[   Orc:2 ?*!%

Annotations:
D:8 exclusion: oklob plant
Lair:4 1 runed door
Swamp:1 exclusion: shambling mangrove
Orc:2 exclusion: zombie


Innate Abilities, Weirdness & Mutations

You have sharp toenails.
You sometimes gain a little power by taking damage.
You are mostly covered in sharp spines.
Your movements are significantly less encumbered by armour. (ER -6)


Message History

A shambling mangrove is nearby!
Roots grasp at your talons, making movement difficult.
A swamp worm bursts forth from the water.
You block the swamp worm's attack. You block the swamp worm's attack.
The swamp worm is struck by your spines.
The swamp worm bites you but does no damage.
You block the swamp worm's attack.
You closely miss the swamp worm.
You claw the swamp worm, but do no damage.
The swamp worm is lightly wounded.
You hit the shambling mangrove but do no damage.
The swamp worm bites you.
* * * LOW HITPOINT WARNING * * *
The shambling mangrove is struck by your spines.
The shambling mangrove hits you!!
* * * LOW HITPOINT WARNING * * *
You block the swamp worm's attack. The swamp worm bites you!
You die...
Your body rises from the dead as a mindless zombie.

≈......≈≈≈≈≈..§≈≈♣
..♣♣...≈≈≈....≈≈.♣
..♣♣..≈.≈≈.♣♣♣≈≈.♣
..≈≈....≈≈≈.♣♣♣.≈♣
≈..≈≈..♣♣♣§.♣ ♣♣♣♣
≈.≈>≈≈.♣ ♣♣.♣♣♣♣♣♣
≈≈≈≈.♣♣♣♣♣♣....≈≈♣♣♣♣♣
≈≈≈≈.♣♣≈.....≈f.w≈≈.≈♣♣
≈≈≈≈♣...≈≈≈..≈≈≈@.≈..≈♣
≈≈≈≈≈≈§≈≈≈≈≈≈≈≈≈....♣≈.≈≈
≈≈≈≈≈≈≈≈≈≈≈≈≈≈≈....≈♣ ..
≈≈§≈≈≈.≈≈≈≈≈.≈..≈..≈♣
≈≈≈≈≈≈≈≈≈≈≈≈≈.≈...≈>>≈≈≈
≈≈≈....≈≈.≈≈≈..≈.≈≈.≈≈≈≈.
.≈.♣...$.......≈..≈.≈≈≈..
≈.≈♣♣♣♣♣♣♣♣≈♣♣♣♣.......♣♣
♣♣ ♣.≈≈≈≈..♣


You could see a shambling mangrove and a swamp worm.

Vanquished Creatures
  Kirke (Swamp:1)
  Donald (Swamp:1)
  An orc warlord (Orc:2)
  A minotaur (Lab)
  2 hydras (Lair:4)
  An alligator (Swamp:1)
  A dancing weapon (Volcano)
  3 catoblepae (Lair:6)
  A two-headed ogre (D:11)
  3 death yaks
  A swamp dragon (Swamp:2)
  Pikel (D:5)
  4 wizards (Volcano)
  4 orc knights (Orc:2)
  2 orc sorcerers
  A manticore (Lair:6)
  The ghost of bmj180 the Cutter, a novice HaBe of Trog (D:4)
  An ugly thing (D:10)
  11 elephants (Lair:6)
  A black mamba (Lair:1)
  5 toenail golems (Volcano)
  8 spiny frogs
  Psyche (D:8)
  A rime drake (Lair:1)
  A komodo dragon (Lair:5)
  A hydra zombie (Swamp:1)
  A troll (Orc:2)
  Grinder (D:5)
  A bog body (Swamp:1)
  2 polar bears
  Prince Ribbit (D:8)
  A hornet (Swamp:1)
  4 hippogriffs
  6 blink frogs
  A shadow (Swamp:2)
  A wraith (D:11)
  A wyvern (Lair:5)
  22 yaks
  2 spriggans
  4 hungry ghosts (Lab)
  A basilisk (Lair:6)
  7 vampire mosquitoes (Swamp:1)
  2 nagas (Lair:3)
  5 insubstantial wisps (Swamp:1)
  6 wargs
  Edmund (D:5)
  3 swamp worms (Swamp:1)
  3 water moccasins
  5 porcupines
  37 orc warriors
  2 swamp drakes
  An ice beast (D:9)
  A black bear (D:9)
  2 sky beasts (D:8)
  8 ogres
  A necrophage (D:4)
  2 centaurs
  6 wolves
  6 crocodiles
  10 bullfrogs
  5 scorpions
  A wyvern skeleton (D:11)
  3 howler monkeys
  An electric eel (Lair:4)
  4 crimson imps
  A quasit (D:10)
  3 jellies
  14 orc priests
  2 bullfrog skeletons
  A gnoll shaman (D:4)
  2 centaur skeletons
  Ijyb (D:4)
  2 iguanas
  22 orc wizards
  11 worker ants
  A hound zombie (D:10)
  A hound skeleton (D:8)
  Robin (D:3)
  6 gnolls (D:4)
  12 adders
  2 shadow imps
  4 oozes
  An adder zombie (D:7)
  An adder skeleton (D:9)
  2 worms
  3 dart slugs
  5 leopard geckos
  82 orcs
  A ball python (D:1)
  7 bats
  2 giant cockroaches
  20 goblins
  10 hobgoblins
  12 jackals
  10 kobolds
  A quokka (D:8)
  4 frilled lizards
  An orc skeleton (Orc:2)
  14 rats
  2 fungi
  3 plants
497 creatures vanquished.

Vanquished Creatures (collateral kills)
  Erolcha (Orc:1)
  3 hydras
  4 death yaks (Lair:6)
  An orc high priest (Orc:2)
  A wizard (Volcano)
  A shambling mangrove (Swamp:1)
  A necromancer (Swamp:1)
  3 orc knights
  A manticore (Lair:6)
  2 orc sorcerers
  5 elephants (Lair:6)
  3 black mambas
  3 spiny frogs
  2 komodo dragons
  2 rime drakes (Lair:6)
  A hydra zombie (Swamp:1)
  A tyrant leech (Swamp:1)
  5 blink frogs
  A hippogriff (Lair:3)
  2 wyverns
  A hog (Swamp:1)
  2 basilisks
  14 yaks
  A vampire mosquito (Swamp:1)
  4 water moccasins
  2 wargs
  A hydra simulacrum (Swamp:1)
  A naga (Lair:3)
  4 porcupines
  A swamp drake (Swamp:1)
  11 orc warriors
  A wolf (Lair:4)
  8 crocodiles
  2 bullfrogs (Lair:4)
  2 electric eels (Lair:4)
  2 orc priests (Orc:1)
  4 orc wizards
  An ooze (Lair:5)
  15 orcs
  18 fungi
  13 plants
151 creatures vanquished.

Vanquished Creatures (others)
  A flayed ghost (Swamp:1)
  A phantasmal warrior (Orc:2)
  A black mamba zombie (Lair:4)
  19 flying skulls
  A vampire (Orc:2)
  3 wraiths
  2 spiny frog zombies (Lair:6)
  A blink frog zombie (Lair:4)
  2 elephant zombies (Lair:6)
  2 vampire mosquito zombies (Swamp:1)
  A blink frog skeleton (Lair:5)
  3 warg zombies
  A water moccasin zombie (Lair:6)
  2 yak zombies
  A warg skeleton (Orc:2)
  A wight (Lair:6)
  3 wolf zombies (Lair:4)
  A bullfrog zombie (Lair:4)
  A wolf skeleton (Lair:4)
  An orc wizard (D:9)
  An ogre zombie (Orc:1)
  2 electric eel zombies (Lair:4)
  28 orc zombies
  9 orc skeletons (Orc:2)
  2 orcs (D:5)
  12 fungi (Lair:4)
  10 plants (Lair:4)
  9 toadstools (Lair:4)
121 creatures vanquished.

Grand Total: 769 creatures vanquished

Notes
Turn   | Place    | Note
-------+----------+-------------------------------------------
     0 | D:1      | Verr the Demonspawn Fighter began the quest for the Orb.
     0 | D:1      | Reached XP level 1. HP: 18/18 MP: 1/1
   365 | D:1      | Gained mutation: Your movements are slightly less encumbered by armour. (ER -2) [demonic ancestry]
   365 | D:1      | Reached XP level 2. HP: 24/24 MP: 2/2
   934 | D:2      | Reached XP level 3. HP: 25/29 MP: 3/3
   944 | D:2      | Gained mutation: You are partially covered in sharp spines. [demonic ancestry]
   944 | D:2      | Reached XP level 4. HP: 23/37 MP: 4/4
  1254 | D:2      | Reached skill level 4 in Fighting
  1254 | D:2      | Gained mutation: You have sharp toenails. [demonic ancestry]
  1254 | D:2      | Reached XP level 5. HP: 17/42 MP: 5/5
  1868 | D:2      | Found a glowing golden altar of the Shining One.
  2358 | D:3      | Noticed Robin
  2419 | D:3      | Killed Robin
  2858 | D:4      | Reached XP level 6. HP: 47/49 MP: 6/6
  2944 | D:4      | Found an opulent altar of Gozag.
  2964 | D:4      | Noticed bmj180's ghost (novice HaBe)
  3001 | D:4      | Noticed Ijyb
  3011 | D:4      | Killed Ijyb
  3535 | D:4      | Reached skill level 5 in Fighting
  3769 | D:4      | Found a sacrificial altar of Ru.
  3799 | D:4      | Reached XP level 7. HP: 42/56 MP: 7/7
  3995 | D:3      | Found a snail-covered altar of Cheibriados.
  4955 | D:4      | Found a staircase to the Ecumenical Temple.
  4973 | Temple   | Entered the Ecumenical Temple
  5035 | Temple   | Became a worshipper of Ru the Awakened
  5243 | D:5      | Entered Level 5 of the Dungeon
  5249 | D:5      | Reached skill level 5 in Axes
  5280 | D:5      | Noticed Grinder
  5395 | D:5      | Reached skill level 6 in Fighting
  5416 | D:5      | Paralysed by Grinder for 2 turns
  5536 | D:5      | Gained mutation: Your movements are less encumbered by armour. (ER -4) [demonic ancestry]
  5536 | D:5      | Reached XP level 8. HP: 64/64 MP: 8/8
  5572 | D:5      | Found a basalt altar of Yredelemnul.
  5574 | D:5      | Fell from the grace of Ru
  5579 | D:5      | Became a worshipper of Yredelemnul the Dark
  5582 | D:5      | Found an ancient bone altar of Kikubaaqudgha.
  5584 | D:5      | Found a burning altar of Makhleb.
  5586 | D:5      | Found a shattered altar of Ashenzari.
  5786 | D:5      | Noticed Edmund
  5802 | D:5      | Killed Edmund
  5959 | D:5      | Noticed Pikel
  5976 | D:5      | Killed Pikel
  5976 | D:5      | Reached skill level 7 in Fighting
  5976 | D:5      | Reached skill level 5 in Shields
  6083 | D:5      | Paralysed by Grinder for 6 turns
  6096 | D:5      | Killed Grinder
  6096 | D:5      | Reached skill level 5 in Armour
  6531 | D:6      | Found a hazy altar of Hepliaklqana.
  6639 | D:6      | Gained mutation: Your movements are significantly less encumbered by armour. (ER -6) [demonic ancestry]
  6639 | D:6      | Reached XP level 9. HP: 64/72 MP: 9/9
  7131 | D:7      | Reached * piety under Yredelemnul
  7819 | D:8      | Noticed Prince Ribbit
  7896 | D:8      | Reached skill level 8 in Fighting
  7949 | D:8      | Found a blossoming altar of Fedhas.
  7968 | D:8      | Noticed an oklob plant
  8068 | D:8      | Noticed Psyche
  8076 | D:8      | Killed Psyche
  8252 | D:8      | Killed Prince Ribbit
  9029 | D:9      | Reached XP level 10. HP: 82/82 MP: 10/10
  9330 | D:4      | Found a sacrificial altar of Ru.
  9352 | D:4      | Killed bmj180's ghost
  9352 | D:4      | Reached skill level 9 in Fighting
  9436 | D:9      | Found a deep blue altar of Sif Muna.
  9556 | D:9      | Reached ** piety under Yredelemnul
  9873 | D:9      | Found a staircase to the Lair.
 10297 | D:10     | Entered Level 10 of the Dungeon
 10419 | D:10     | Found a staircase to the Orcish Mines.
 10471 | D:10     | Found a roughly hewn altar of Beogh.
 10707 | D:10     | Reached *** piety under Yredelemnul
 11051 | D:11     | Found an iron altar of Okawaru.
 11133 | D:11     | Found a stormy altar of Qazlal.
 11189 | D:11     | Reached skill level 1 in Invocations
 11239 | D:11     | Noticed a two-headed ogre
 11312 | D:11     | Killed a two-headed ogre
 11574 | D:11     | Reached skill level 10 in Fighting
 11706 | D:11     | Noticed a white ugly thing
 11737 | D:10     | Killed a white ugly thing
 11737 | D:10     | Received a gift from Yredelemnul (4 flying skulls)
 11965 | Lair:1   | Entered Level 1 of the Lair of Beasts
 11990 | Lair:1   | Noticed a spiny frog
 11998 | Lair:1   | Killed a spiny frog
 12008 | Lair:1   | Reached XP level 11. HP: 84/91 MP: 13/13
 12292 | Lair:1   | Found a labyrinth entrance.
 12317 | Lab      | Entered a labyrinth
 13415 | Lab      | Noticed a minotaur
 13424 | Lab      | Killed a minotaur
 13437 | Lab      | Found the +3 Elemental Staff {rElec rF++ rC++ MR++ AC+5}
 13443 | Lab      | Got a scintillating lead ring
 13604 | Lair:1   | Identified the ring "Gunik" {rF+ EV+2 Str+10 Dex-4} (You found it in a labyrinth)
 14079 | Lair:2   | Received a gift from Yredelemnul (4 flying skulls)
 14333 | Lair:2   | Reached skill level 5 in Invocations
 14347 | Lair:2   | Reached skill level 11 in Fighting
 14347 | Lair:2   | Reached skill level 10 in Axes
 14836 | Lair:3   | Found a staircase to the Snake Pit.
 14890 | Lair:3   | Reached **** piety under Yredelemnul
 14984 | Lair:3   | Found a dark tunnel.
 14992 | Volcano  | Entered a volcano
 14998 | Volcano  | Noticed a wizard
 15005 | Volcano  | Killed a wizard
 15012 | Volcano  | Reached XP level 12. HP: 89/100 MP: 15/15
 15012 | Volcano  | Received a gift from Yredelemnul (a wraith)
 15422 | Lair:3   | Reached skill level 12 in Fighting
 15801 | Lair:4   | Noticed a seven-headed hydra
 15802 | Lair:4   | Noticed a six-headed hydra
 15807 | Lair:4   | Killed a seven-headed hydra
 15814 | Lair:4   | Killed a six-headed hydra
 16117 | Lair:4   | Found a staircase to the Swamp.
 16260 | Lair:4   | Noticed a four-headed hydra
 16276 | Lair:4   | Killed a two-headed hydra
 16562 | Lair:4   | Noticed a death yak
 16576 | Lair:4   | Killed a death yak
 16598 | Lair:4   | Noticed a six-headed hydra
 16611 | Lair:4   | Killed a three-headed hydra
 16711 | Lair:4   | Got a heavily runed leather armour
 16722 | Lair:4   | Identified the +1 leather armour of Cyrch {MR+} (You found it on level 4 of the Lair of Beasts)
 16754 | Lair:4   | Found a runed door.
 17604 | Lair:5   | Reached ***** piety under Yredelemnul
 17662 | Lair:5   | Found a staircase to the Slime Pits.
 18035 | Lair:6   | Entered Level 6 of the Lair of Beasts
 18079 | Lair:6   | Gained mutation: You sometimes gain a little power by taking damage. [demonic ancestry]
 18079 | Lair:6   | Reached XP level 13. HP: 104/109 MP: 16/16
 18260 | Lair:6   | Reached skill level 13 in Fighting
 18263 | Lair:6   | Received a gift from Yredelemnul (a wight)
 18751 | Lair:6   | Received a gift from Yredelemnul (3 flying skulls)
 19212 | Lair:6   | Got a steaming battleaxe
 19226 | Lair:6   | Identified the +11 battleaxe of Woobbaj {freeze, *Drain rF+ rC+} (You found it on level 6 of the Lair of Beasts)
 19934 | Orc:1    | Entered Level 1 of the Orcish Mines
 19934 | Orc:1    | Found Besk's Armour Boutique.
 19944 | Orc:1    | Received a gift from Yredelemnul (3 flying skulls)
 20006 | Orc:1    | Bought a scarf of resistance for 448 gold pieces
 20040 | Orc:1    | Found Xixecox's Assorted Antiques.
 20085 | Orc:1    | Killed Erolcha
 20091 | Orc:1    | Received a gift from Yredelemnul (a phantasmal warrior)
 20108 | Orc:1    | Received a gift from Yredelemnul (a vampire)
 20278 | Orc:2    | Entered Level 2 of the Orcish Mines
 20378 | Orc:2    | Received a gift from Yredelemnul (a wraith)
 20671 | Orc:1    | Reached ****** piety under Yredelemnul
 20761 | Orc:1    | Gained mutation: You are mostly covered in sharp spines. [demonic ancestry]
 20761 | Orc:1    | Reached XP level 14. HP: 91/119 MP: 19/19
 21054 | Orc:2    | Found Yxkuisch's Assorted Antiques.
 21054 | Orc:2    | Found Zerim's Magic Scroll Shoppe.
 21069 | Orc:2    | Received a gift from Yredelemnul (5 flying skulls)
 21119 | Orc:2    | Bought a scroll of blinking for 90 gold pieces
 21176 | Orc:2    | Found a roughly hewn altar of Beogh.
 21189 | Orc:2    | Noticed an orc warlord
 21285 | Orc:2    | Killed an orc warlord
 21285 | Orc:2    | Reached skill level 14 in Fighting
 21546 | Orc:2    | Found Efik's Food Boutique.
 21546 | Orc:2    | Found Miuty's Distillery.
 21553 | Orc:2    | Bought a potion of heal wounds for 75 gold pieces
 21553 | Orc:2    | Bought 2 potions of heal wounds for 150 gold pieces
 21553 | Orc:2    | Bought a potion of heal wounds for 75 gold pieces
 21814 | Orc:2    | Found a staircase to the Elven Halls.
 22545 | Swamp:1  | Entered Level 1 of the Swamp
 22639 | Swamp:1  | Received a gift from Yredelemnul (a flayed ghost)
 22641 | Swamp:1  | Noticed Donald
 22662 | Swamp:1  | Killed Donald
 22835 | Swamp:1  | Received a gift from Yredelemnul (a wraith)
 22908 | Swamp:1  | Noticed Kirke
 22983 | Swamp:1  | Killed Kirke
 22983 | Swamp:1  | Reached skill level 10 in Shields
 23905 | Swamp:2  | HP: 4/121 [shambling mangrove (27)]
 23906 | Swamp:2  | Slain by a swamp worm

Skill      XL: |  1  2  3  4  5  6  7  8  9 10 11 12 13 14 |
---------------+-------------------------------------------+-----
Axes           | 2 3 4 5 6 7 9 10 11 12 13 | 13.3
Armour         | 3 4 5 6 7 8 9 |  9.9
Shields        | 3 4 5 6 7 8 9 10 | 10.0
Fighting       | 4 5 6 7 8 10 11 12 13 14 | 14.4
Invocations    | 3 5 7 8 |  8.0

Action                   |  1- 3 |  4- 6 |  7- 9 | 10-12 | 13-15 || total
-------------------------+-------+-------+-------+-------+-------++-------
Melee: War axe           |   107 |   203 |   214 |       |       ||   524
       Kick              |       |       |    43 |   167 |   144 ||   354
       Broad axe         |       |       |    92 |   445 |   228 ||   765
       Battleaxe         |       |       |       |    29 |   140 ||   169
       Unarmed           |       |       |       |       |     5 ||     5
 Fire: Hunting sling     |    15 |    13 |       |       |       ||    28
Invok: Renounce Religion |       |       |     1 |       |       ||     1
       Animate Remains   |       |       |     1 |       |       ||     1
       Animate Dead      |       |       |       |    14 |    25 ||    39
       Recall Undead Sla |       |       |       |     7 |     4 ||    11
       Drain Life        |       |       |       |       |     2 ||     2
       Enslave Soul      |       |       |       |       |     2 ||     2
Evoke: Wand              |       |       |     3 |     1 |       ||     4
  Use: Scroll            |       |     1 |     5 |    28 |     5 ||    39
       Potion            |       |       |     4 |     4 |     3 ||    11
 Stab: Distracted        |       |       |       |     1 |     7 ||     8
  Eat: Chunk             |       |    10 |    17 |    10 |    21 ||    58
       Ration            |       |       |       |    10 |     2 ||    12
Armor: Scale mail        |    53 |    68 |    29 |       |       ||   150
       Chain mail        |       |       |    60 |       |       ||    60
       Plate armour      |       |       |     3 |   156 |   140 ||   299
       Skin              |       |       |       |     1 |       ||     1
Dodge: Dodged            |    41 |    59 |    49 |   110 |   106 ||   365
Block: Shield            |    86 |   127 |   210 |   307 |   163 ||   893
       Reflection        |       |       |     5 |     3 |     4 ||    12
       Other             |       |       |       |     6 |    21 ||    27
